 Dungeon Crawl Stone Soup version 0.29-a0-559-g359e09b9d1 (webtiles) character file.

Game seed: 11466109854426223998

487 Pelinal the Shooter (level 6, -1/33 HPs)
             Began as a Deep Elf Arcane Marksman on June 10, 2022.
             Slain by a gnoll shaman
             ... wielding a +0 whip
              (5 damage)
             ... on level 6 of the Dungeon.
             The game lasted 00:10:18 (5355 turns).

Pelinal the Shooter (Deep Elf Arcane Marksman)      Turns: 5355, Time: 00:10:18

Health: -1/33      AC:  4    Str:  7    XL:     6   Next: 89%
Magic:  0/10       EV: 13    Int: 18    God:
Gold:   234        SH:  0    Dex: 17    Spells: 5/8 levels left

rFire   . . .      SeeInvis +   b - +0 dagger (venom)
rCold   . . .      Faith    .   (no shield)
rNeg    . . .      Spirit   +   t - +0 robe
rPois   .          Reflect  .   (no helmet)
rElec   .          Harm     .   j - scarf {repulsion}
rCorr   .          Rampage  .   v - +0 pair of gloves
Will    .....                   i - +0 pair of boots
Stlth   ++........              d - amulet of guardian spirit
HPRegen 0.11/turn               z - ring of see invisible
MPRegen 0.12/turn               (no ring)

@: about to teleport, weak-willed, repel missiles
A: no striking features
a: no special abilities


You were on level 6 of the Dungeon.
You visited 1 branch of the dungeon, and saw 7 of its levels.

You collected 234 gold pieces.

Inventory:

Hand Weapons
 a - a +0 shortbow
 b - a +0 dagger of venom (weapon)
 p - a +1 short sword of flaming
Missiles
 e - 9 poisoned darts
 r - a throwing net
Armour
 i - a +0 pair of boots (worn)
 j - a scarf of repulsion (worn)
 t - a +0 robe (worn)
 v - a +0 pair of gloves (worn)
 x - a +1 pair of boots of rampaging
Jewellery
 d - an amulet of guardian spirit (around neck)
 z - a ring of see invisible (left hand)
Scrolls
 c - a scroll of vulnerability
 f - a scroll of noise {unknown}
 k - a scroll of fear {unknown}
 m - a scroll of enchant weapon {unknown}
 s - 2 scrolls of enchant armour
 y - a scroll of poison {unknown}
Potions
 g - 3 potions of curing
 h - a potion of degeneration {unknown}
 l - a potion of haste {unknown}
 n - a potion of mutation {unknown}
 o - a potion of ambrosia {unknown}
 u - a potion of magic {unknown}
 w - 2 potions of might {unknown}


   Skills:
 - Level 0.8 Fighting
 - Level 7.0 Bows
 + Level 2.7 Throwing
 + Level 3.2 Dodging
 + Level 1.1 Stealth
 - Level 1.6 Spellcasting
 + Level 6.2 Hexes


You had 5 spell levels left.
You knew the following spells:

 Your Spells              Type           Power      Damage    Failure   Level
a - Slow                  Hex            92%        N/A       1%          1
b - Ensorcelled Hibernat  Hex/Ice        24%        N/A       8%          2

Your spell library contained the following spells:

 Spells                   Type           Power      Damage    Failure   Level
 Cause Fear               Hex            11%        N/A       14%         4
 Inner Flame              Hex/Fire       12%        N/A       16%         3
 Portal Projectile        Hex/Tloc       24%        N/A       16%         3
 Apportation              Tloc           2%         N/A       19%         1
 Necrotize                Necr           4%         1d4       19%         1
 Anguish                  Hex/Necr       6%         N/A       45%         4
 Gell's Gravitas          Tloc           1%         N/A       50%         3
 Lesser Beckoning         Tloc           1%         N/A       50%         3
 Spider Form              Tmut/Pois      1%         N/A       50%         3
 Teleport Other           Tloc           1%         N/A       50%         3
 Vampiric Draining        Necr           1%         2d6       50%         3
 Agony                    Necr           1%         N/A       99%         5
 Alistair's Intoxication  Tmut/Pois      0%         N/A       99%         5


Dungeon Overview and Level Annotations

Branches:
Dungeon (7/15)
 Temple: D:4-7

Altars:


Message History

As you read the scroll of vulnerability, it crumbles to dust.
Magic quickly surges around you.
The scorpion stings you but does no damage.
Unknown command.
Casting: Ensorcelled Hibernation (safe; 8% risk of failure)
Confirm with . or Enter, or press ? or * to list all spells.
Aiming: Ensorcelled Hibernation (safe; 8% risk of failure)
Press: ? - help, Shift-Dir - straight line, f - gnoll shaman
Aim: a gnoll shaman, wielding a +0 whip and wearing a +0 robe (weak-willed, chance to affect: 54%)
The gnoll shaman looks drowsy...
The scorpion stings you.
You are poisoned.
The scorpion poisons you!
Casting: Ensorcelled Hibernation (safe; 8% risk of failure)
Confirm with . or Enter, or press ? or * to list all spells.
Aiming: Ensorcelled Hibernation (safe; 8% risk of failure)
Press: ? - help, Shift-Dir - straight line, f - scorpion, p - gnoll shaman
Aim: a scorpion (weak-willed, chance to affect: 54%)
The scorpion looks drowsy...
You feel sick.
The gnoll shaman hits you with a +0 whip.
Unknown command.
Unknown command.
You feel better.
The gnoll shaman hits you with a +0 whip.
You closely miss the scorpion. The scorpion stings you.
* * * LOW HITPOINT WARNING * * *
The gnoll shaman hits you with a +0 whip.
* * * LOW HITPOINT WARNING * * *
Unknown command.
Okay, then.
The gnoll shaman closely misses you.
Unknown command.
As you read the scroll of teleportation, it crumbles to dust.
You feel strangely unstable. The scorpion stings you.
* * * LOW HITPOINT WARNING * * *
The scorpion closely misses you.
Unknown command.
Unknown command.
The scorpion attacks as you move away! The scorpion misses you.
The gnoll shaman hits you with a +0 whip.
You die...

#.####### .........
###..... ####.###.
#############....# #.
...#..[....#....###.
.#.#.#.#g#.#.#.###......
....?..@s.........>##.#.
###+##############g##.#.
#.##.#g #g##.#. #.##...
#g###.. #.###.# #.....#
#.###.#


You could see a gnoll shaman (weak-willed) and a scorpion (weak-willed).

Vanquished Creatures
  A necrophage (D:4)
  2 scorpions
  An orc priest (D:4)
  3 iguanas (D:4)
  An orc wizard (D:4)
  A gnoll (D:6)
  6 adders
  A white imp (D:5)
  A worm (D:2)
  5 dart slugs
  9 orcs
  6 endoplasms
  5 giant cockroaches
  7 goblins
  7 hobgoblins
  3 jackals
  5 quokkas
  7 ball pythons
  7 bats
  2 frilled lizards (D:1)
  9 kobolds
  2 rats
91 creatures vanquished.

Notes
Turn   | Place    | Note
-------+----------+-------------------------------------------
     0 | D:1      | Pelinal the Deep Elf Arcane Marksman began the quest for
                  | the Orb.
     0 | D:1      | Reached XP level 1. HP: 11/11 MP: 5/5
    42 | D:1      | Reached skill level 3 in Bows
   247 | D:1      | Reached XP level 2. HP: 16/16 MP: 6/6
  1081 | D:2      | Reached skill level 4 in Bows
  1081 | D:2      | Reached XP level 3. HP: 20/20 MP: 7/7
  1081 | D:2      | Found a faded altar of an unknown god.
  2046 | D:3      | Reached XP level 4. HP: 21/24 MP: 6/8
  2130 | D:3      | Reached skill level 5 in Bows
  2130 | D:3      | Reached skill level 5 in Hexes
  2551 | D:4      | Noticed a necrophage
  3103 | D:4      | Reached skill level 1 in Throwing
  3335 | D:4      | Reached XP level 5. HP: 28/28 MP: 9/9
  3942 | D:4      | Reached skill level 6 in Bows
  4245 | D:4      | Reached XP level 6. HP: 32/33 MP: 8/10
  4422 | D:4      | Learned a level 2 spell: Ensorcelled Hibernation
  4829 | D:5      | Entered Level 5 of the Dungeon
  5073 | D:5      | You fall into a shaft and drop 2 floors!
  5089 | D:7      | Reached skill level 7 in Bows
  5341 | D:6      | Reached skill level 1 in Stealth
  5355 | D:6      | Slain by a gnoll shaman

Illustrated notes

Levels and vault maps discovered:
D:1:      nzn_arrival_water_spiral, layout_loops_ring, dk_noncrumbling_2,
          minivault_14, hangedman_glass_garden
D:2:      layout_basic, shapermc_ecumenical_altar_pompeii
D:3:      layout_loops_ring
D:4:      layout_loops_corners
D:5:      layout_cave_pods, minmay_temple_entry_hall, minivault_19
D:6:      layout_loops_ring, nemelex_spade_bored_becter,
          hellmonk_ghost_happy_afterlife, grunt_ministairs_13,
          hangedman_minor_gate_pass
D:7:      layout_loops_corners, serial_bayou_pond_b

Skill      XL: |  1  2  3  4  5  6 |
---------------+-------------------+-----
Bows           | 3 4 5 6 7 |  7.0
Hexes          | 5 6 |  6.2
Throwing       | 1 2 |  2.7
Dodging        | 3 |  3.2
Stealth        | 1 |  1.1
Fighting       | |  0.8
Spellcasting   | |  1.6

Action                   |  1- 3 |  4- 6 || total
-------------------------+-------+-------++-------
Melee: Dagger            |     3 |    94 ||    97
 Fire: Shortbow          |   105 |   101 ||   206
 Cast: Slow              |       |    44 ||    44
       Ensorcelled Hiber |       |     7 ||     7
  Use: Scroll            |       |     6 ||     6
       Potion            |       |     1 ||     1
 Stab: Sleeping          |       |     3 ||     3
Armor: Robe              |     4 |    15 ||    19
Dodge: Dodged            |    16 |    69 ||    85
       Repelled          |     1 |     2 ||     3

Table legend: (Time is in decaauts)
 A = Elapsed time spent in this place.
 B = Non-inter-level travel time spent in this place.
 C = Inter-level travel time spent in this place.
 D = Time resting spent in this place.
 E = Time spent auto-exploring this place.
 F = Levels seen in this place.
 G = Mean time per level.
                   A        B        C        D        E       F      G
               +--------+--------+--------+--------+--------+-----+--------+
         Total |   5398 |   5145 |    253 |    970 |   3206 |   7 |  771.1 |
       Dungeon |   5398 |   5145 |    253 |    970 |   3206 |   7 |  771.1 |
               +--------+--------+--------+--------+--------+-----+--------+

Top non-repeatable levels by time:
     D:4: 2166 daAuts
     D:3: 998 daAuts
     D:2: 868 daAuts
     D:1: 858 daAuts
     D:5: 224 daAuts
     D:7: 179 daAuts
     D:6: 101 daAuts
